 Dungeon Crawl Stone Soup version 0.28-a0-381-g937acc2988 (webtiles) character file.

Game seed: 7040751104917859164

62 SkeletonJelly the Skirmisher (level 3, 0/35 HPs)
             Began as a Minotaur Chaos Knight on Sept 1, 2021.
             Was a Plaything of Xom.
             Slain by a gnoll (12 damage)
             ... on level 2 of the Dungeon.
             The game lasted 00:02:33 (1780 turns).

SkeletonJelly the Skirmisher (MiCK)                 Turns: 1780, Time: 00:02:33

Health: 0/35       AC:  5    Str: 17    XL:     3   Next: 85%
Magic:  2/2        EV: 11    Int: 11    God:    Xom [.*....]
Gold:   74         SH:  0    Dex:  9    Spells: 2/2 levels left

rFire   . . .      SeeInvis .   a - +0 falchion (chaos)
rCold   . . .      Faith    .   (no shield)
rNeg    . . .      Spirit   .   b - +2 leather armour
rPois   +          Reflect  .   (helmet unavailable)
rElec   .          Harm     .   (no cloak)
rCorr   .          Rampage  .   (no gloves)
Will    .....                   (no boots)
Stlth   ++........              (no amulet)
HPRegen 0.11/turn               (no ring)
MPRegen 0.08/turn               (no ring)

@: no status effects
A: horns 3, retaliatory headbutt, camouflage 1, clever 1, poison resistance
a: Renounce Religion


You were on level 2 of the Dungeon.
You worshipped Xom.
You were a plaything of Xom.
You visited 1 branch of the dungeon, and saw 2 of its levels.

You collected 74 gold pieces.

Inventory:

Hand Weapons
 a - a +0 falchion of chaos (weapon)
 k - a +1 dagger of draining
 m - a +0 dagger of electrocution
Missiles
 j - 7 poisoned darts (quivered)
Armour
 b - a +2 leather armour (worn)
Jewellery
 l - a +6 ring of intelligence
Scrolls
 c - 2 scrolls of teleportation {unknown}
 d - 3 scrolls of identify {unknown}
 g - a scroll of enchant armour {unknown}
 h - a scroll of fog {unknown}
 n - a scroll of summoning {unknown}
Potions
 e - a potion of degeneration {unknown}
 f - 3 potions of attraction {unknown}
 i - a potion of curing {unknown}
 o - a potion of resistance {unknown}


   Skills:
 + Level 4.9 Fighting
 + Level 4.8 Long Blades
 - Level 2.4 Armour
 - Level 1.1 Dodging


You had 2 spell levels left.
You didn't know any spells.
Your spell library was empty.

Dungeon Overview and Level Annotations

Branches:
Dungeon (2/15)

Altars:


Innate Abilities, Weirdness & Mutations

You have a pair of large horns on your head.
You reflexively headbutt those who attack you in melee.
Your skin changes colour to match your surroundings (Stealth+).
Your mind is acute. (Int +2)
Your system is resistant to poisons. (rPois)


Message History

m - a +0 dagger of electrocution Search for what [Enter for "."]? .
You see here a rat skeleton.
You open the door.
There is an open door here.
Key pressed, stopping explore.
Key pressed, stopping explore.
Xom is getting BORED.
You are now a BORING thing.
There is a stone staircase leading down here.
You are now a plaything of Xom.
Found a stone staircase leading up.
n - a scroll labelled QEZUTUCZETUGI
f - 3 green potions (gained 2)
Found a whip.
An adder comes into view.
An adder is nearby!
An adder is nearby!
An adder is nearby!
Found 12 gold pieces.
The adder hisses angrily.
The adder bites you.
You take 2 damage, and have 32/34 hp.
You barely miss the adder. Your headbutt misses the adder.
The adder closely misses you.
You miss the adder. You headbutt the adder!
You kill the adder!
No target in view!
No target in view!
No target in view!
You see here an adder corpse.
You now have 74 gold pieces (gained 12).
Key pressed, stopping explore.
You open the door.
There is an open door here.
o - a viscous brown potion Health restored: 34 A gnoll comes into view.
It is wielding a +0 flail.
Found a stone staircase leading up.
The gnoll shouts!
A gnoll comes into view. It is wielding a +0 whip.
The gnoll moves out of view.
A gnoll comes into view. It is wielding a +0 halberd.
There are monsters nearby!
You throw a poisoned dart. The poisoned dart hits the gnoll.
The gnoll is poisoned.
The gnoll shouts! x2
You throw a poisoned dart. The poisoned dart hits the gnoll.
The gnoll is poisoned.
You throw a poisoned dart. The poisoned dart hits the gnoll.
The gnoll is poisoned.
A gnoll comes into view. It is wielding a +0 halberd.
You throw a poisoned dart. The poisoned dart hits the gnoll.
The gnoll looks even sicker.
You throw a poisoned dart.
The poisoned dart barely misses the gnoll.
The gnoll throws a throwing net.
The throwing net hits you.
You become entangled in the net!
You cannot throw anything while held in a net.
You tear a large gash into the net.
You struggle against the net.
You rip the net and break free!
The gnoll throws a throwing net.
The throwing net hits you.
You become entangled in the net!
The gnoll hits you from afar with a +0 halberd!
You take 8 damage, and have 26/34 hp.
MASSIVE DAMAGE!!
You struggle against the net.
The gnoll hits you from afar with a +0 halberd!
A shower of butterflies erupts from you!
You take 10 damage, and have 16/34 hp.
MASSIVE DAMAGE!!
You struggle against the net.
The gnoll looks more healthy.
The gnoll hits you with a +0 whip.
The gnoll hits you from afar with a +0 halberd.
You take 2 damage, and have 14/34 hp.
You rip the net and break free!
The gnoll misses your butterfly.
The gnoll hits you from afar with a +0 halberd.
* * * LOW HITPOINT WARNING * * *
The gnoll closely misses you.
You take 4 damage, and have 10/34 hp.
The gnoll closely misses your butterfly.
The gnoll barely misses you. You furiously retaliate!
You headbutt the gnoll!
The gnoll closely misses your butterfly.
You kill the gnoll!
The gnoll misses your butterfly.
The gnoll completely misses your butterfly.
You barely miss the gnoll.
The gnoll is severely wounded.
The gnoll closely misses you. You furiously retaliate!
You headbutt the gnoll.
There is an open door here. "This might be better!"
Your butterfly evaporates and reforms as a killer bee!
Your butterfly disappears in a puff of smoke! x2
Your killer bee stings the gnoll.
The gnoll is poisoned.
Your killer bee poisons the gnoll!
You hit the gnoll. You freeze the gnoll.
You kill the gnoll!
Your killer bee stings the gnoll.
The gnoll closely misses your killer bee.
The gnoll hits you from afar with a +0 halberd!
You die... "It's all fun and games until someone loses an eye."

.# ... . #.# #.# .## ##+## #.#
#.# ... ##...## #.# #.# ...
##.....## ##.## #.#
...###.......## #...## #.#
........§.....###....##########..
.)...........yg)@.....†..........
..###........g####...##########..
#. #........## #..## #.# .
#.#.....## #.######## #.# #
#.##...## #........# #.# #.###+##
#.....##.# ##.# ..# #.#
##.##.##.# #..# ### #.# #.##.##.#
#.## ##.## #.......# #.#


You could see 2 gnolls and a friendly killer bee (summoned).

Vanquished Creatures
  2 gnolls (D:2)
  2 adders (D:2)
  A worm (D:2)
  A dart slug (D:2)
  4 bats
  An endoplasm (D:1)
  3 giant cockroaches
  4 goblins
  3 hobgoblins
  2 quokkas
  4 ball pythons
  2 kobolds (D:1)
  A rat (D:2)
30 creatures vanquished.

Notes
Turn   | Place    | Note
-------+----------+-------------------------------------------
     0 | D:1      | SkeletonJelly the Minotaur Chaos Knight began the quest for
                  | the Orb.
     0 | D:1      | Reached XP level 1. HP: 19/19 MP: 0/0
   144 | D:1      | XOM: divination: detect creatures
   300 | D:1      | Reached XP level 2. HP: 26/27 MP: 1/1
   318 | D:1      | Found a faded altar of an unknown god.
   351 | D:1      | XOM: divination: magic mapping
   483 | D:1      | XOM: noise
   689 | D:1      | XOM: cloud trail
   842 | D:1      | XOM: divination: magic mapping
   872 | D:1      | XOM: divination: magic mapping
  1122 | D:2      | Reached XP level 3. HP: 34/34 MP: 2/2
  1239 | D:2      | XOM: give mutations
  1239 | D:2      | Gained mutation: Your mind is acute. (Int +2) [Xom's grace]
  1239 | D:2      | Gained mutation: Your skin changes colour to match your
                  | surroundings (Stealth+). [Xom's grace]
  1239 | D:2      | Gained mutation: Your system is resistant to poisons.
                  | (rPois) [Xom's grace]
  1239 | D:2      | Gained mutation: You have a pair of large horns on your
                  | head. [Xom's grace]
  1643 | D:2      | XOM is BORED!
  1763 | D:2      | XOM: butterfly on damage
  1778 | D:2      | XOM: polymorph butterfly -> killer bee
  1780 | D:2      | Slain by a gnoll

Illustrated notes

Levels and vault maps discovered:
D:1:      lightli_arrival_lavapool, layout_loops_ring,
          ebering_ecumenical_altar_sacrificial, corexii_hall_statues_i,
          minmay_door_square
D:2:      layout_loops_corners

Skill      XL: |  1 |
---------------+----+-----
Fighting       | 4 |  4.9
Long Blades    | 4 |  4.8
Armour         | |  2.4
Dodging        | |  1.1

Action                   || total
-------------------------++-------
Melee: Falchion          ||    59
       Headbutt          ||     6
Throw: Dart              ||     5
 Stab: Sleeping          ||     1
Armor: Leather armour    ||    21
Dodge: Dodged            ||    35

Table legend: (Time is in decaauts)
 A = Elapsed time spent in this place.
 B = Non-inter-level travel time spent in this place.
 C = Inter-level travel time spent in this place.
 D = Time resting spent in this place.
 E = Time spent auto-exploring this place.
 F = Levels seen in this place.
 G = Mean time per level.
                   A        B        C        D        E       F      G
               +--------+--------+--------+--------+--------+-----+--------+
         Total |   1785 |   1615 |    170 |     19 |   1382 |   2 |  892.5 |
       Dungeon |   1785 |   1615 |    170 |     19 |   1382 |   2 |  892.5 |
               +--------+--------+--------+--------+--------+-----+--------+

Top non-repeatable levels by time:
     D:1: 954 daAuts
     D:2: 830 daAuts
